 Dungeon Crawl Stone Soup version 0.25.1-2-g60ff931df9 (webtiles) character file.

Game seed: 11304171337532791586

251 0gre the Stinger (level 6, -7/33 HPs)
             Began as a Gargoyle Venom Mage on Oct 8, 2020.
             Mangled by an ogre
             ... wielding a +0 giant club
              (15 damage)
             ... on level 4 of the Dungeon.
             The game lasted 00:16:15 (2643 turns).

0gre the Stinger (Gargoyle Venom Mage)              Turns: 2643, Time: 00:16:16

Health: -7/33      AC:  9    Str: 13    XL:     6   Next: 13%
Magic:  3/10       EV: 12    Int: 16    God:
Gold:   145        SH:  0    Dex: 10    Spells: 8/11 levels left

rFire    + . .     SeeInvis +   a - +0 mace
rCold    . . .     Gourm    .   (no shield)
rNeg     + . .     Faith    .   v - +0 leather armour (curse)
rPois    ∞         Spirit   .   b - +0 helmet
rElec    +         Reflect  .   (no cloak)
rCorr    .         Harm     .   l - +0 pair of gloves (curse)
MR       .....                  (no boots)
Stlth    ++........             (no amulet)
HPRegen  0.11/turn              i - ring of see invisible
MPRegen  0.12/turn              k - ring of protection from fire

@: no status effects
A: negative energy resistance 1, electricity resistance, unbreathing,
petrification resistance, rot immunity, AC +4
a: no special abilities


You were on level 4 of the Dungeon.
You were very hungry.

You visited 1 branch of the dungeon, and saw 4 of its levels.

You collected 145 gold pieces.

Inventory:

Hand Weapons
 a - a +0 mace (weapon)
Missiles
 h - 74 stones
 o - 61 bolts
 t - 3 javelins (quivered)
Armour
 b - a +0 helmet (worn)
 l - a cursed +0 pair of gloves (worn)
 v - a cursed +0 leather armour (worn)
Jewellery
 i - a ring of see invisible (left hand)
 k - a ring of protection from fire (right hand)
Scrolls
 f - a scroll of teleportation
 g - a scroll of fear
 n - 2 scrolls of identify {unknown}
 p - a scroll of immolation {unknown}
 s - a scroll of enchant armour {unknown}
Potions
 e - a potion of heal wounds {unknown}
 j - a potion of degeneration {unknown}
 q - a potion of ambrosia {unknown}
 r - 2 potions of haste {unknown}
 u - 2 potions of curing {unknown}
Comestibles
 c - 3 rations


   Skills:
 + Level 0.6 Fighting
   Level 0.1 Short Blades
 + Level 2.2 Maces & Flails
 + Level 0.4 Throwing
 + Level 0.1 Armour
 + Level 2.4 Dodging
 + Level 2.8 Stealth
 + Level 3.0 Spellcasting
 + Level 1.9 Transmutations
 + Level 0.3 Air Magic
 + Level 3.9 Poison Magic


You had 8 spell levels left.
You knew the following spells:

 Your Spells              Type           Power        Failure   Level  Hunger
a - Sting                 Tmut/Pois      ##..         8%          1    #......
b - Poisonous Vapours     Pois/Air       #.....       16%         2    ##.....

Your spell library contained the following spells:

 Spells                   Type           Power        Failure   Level  Hunger
 Ignite Poison            Fire/Tmut/Pois #.......     32%         3    ###....
 Mephitic Cloud           Conj/Pois/Air  #.......     38%         3    ###....
 Olgreb's Toxic Radiance  Pois           ##......     43%         4    #####..


Dungeon Overview and Level Annotations

Branches:
Dungeon (4/15)
 Temple: D:4-7

Altars:
Fedhas
Uskayaw
Vehumet

Annotations:
D:4 2 runed translucent doors


Innate Abilities, Weirdness & Mutations

You are resistant to torment.
Your stone body is resilient. (AC +4)
You are immune to poison.
You resist negative energy. (rN+)
You are resistant to electric shocks. (rElec)
You can survive without breathing.
You are immune to petrification.
You are immune to rotting.


Message History

The orc misses you.
You sock the orc!
You kill the orc!
The orc priest barely misses you.
You hit the orc priest.
You kill the orc priest!
Your Spellcasting skill increases to level 3!
You have reached level 6!
Your experience leads to an increase in your attributes!
Increase (S)trength, (I)ntelligence, or (D)exterity?
You feel stronger.
Casting: Poisonous Vapours (safe; 16% risk of failure)
Confirm with . or Enter, or press ? or * to list all spells.
Aiming: Sting (safe; 8% risk of failure)
Press: ? - help, Shift-Dir - straight line, f - ogre
Aim: an ogre, wielding a +0 giant club The sting hits the ogre.
The ogre is poisoned.
The ogre is lightly wounded.
The ogre hits you with a +0 giant club!
You die...

#######
##.....#####
#..........###
#...######...####
##..## ##......
######)..#
#.##.##
#....O@..# #.##.#
(..##++##.+
#.##.## #8.F ###
#.##.#. #8...
##....#. .#}...
#..####. ..#?...
#..####. ..#8...
##...>.. #.##8..
#...... #..####


You could see an ogre (poisoned) and a bullfrog.

Vanquished Creatures
  A scorpion (D:4)
  A hound (D:3)
  An orc priest (D:4)
  A worker ant (D:4)
  6 adders (D:3)
  2 worms (D:2)
  A dart slug (D:2)
  A leopard gecko (D:3)
  2 orcs (D:4)
  3 giant cockroaches
  7 goblins
  5 hobgoblins
  14 jackals
  A bat (D:1)
  2 frilled lizards
  3 kobolds (D:1)
  6 rats
57 creatures vanquished.

Notes
Turn   | Place    | Note
-------+----------+-------------------------------------------
     0 | D:1      | 0gre the Gargoyle Venom Mage began the quest for the Orb.
     0 | D:1      | Reached XP level 1. HP: 10/10 MP: 3/3
   186 | D:1      | Reached XP level 2. HP: 15/15 MP: 3/5
   824 | D:2      | Reached XP level 3. HP: 19/19 MP: 4/6
  1000 | D:2      | Reached skill level 1 in Transmutations
  1020 | D:2      | Learned a level 2 spell: Poisonous Vapours
  1544 | D:3      | Reached XP level 4. HP: 10/24 MP: 5/7
  1551 | D:3      | HP: 1/24 [adder (3)]
  1867 | D:3      | Reached skill level 1 in Maces & Flails
  1994 | D:3      | Found a radiant altar of Vehumet.
  1994 | D:3      | Found a blossoming altar of Fedhas.
  2107 | D:3      | Reached XP level 5. HP: 27/28 MP: 2/8
  2221 | D:3      | Found a faded altar of an unknown god.
  2229 | D:3      | Became a worshipper of Uskayaw the Reveler
  2229 | D:3      | Reached * piety under Uskayaw
  2615 | D:4      | Found a large runed translucent door.
  2616 | D:4      | Fell from the grace of Uskayaw
  2617 | D:4      | Found a large runed translucent door.
  2631 | D:4      | Noticed an ogre
  2642 | D:4      | Reached XP level 6. HP: 7/33 MP: 4/10
  2643 | D:4      | Mangled by an ogre

Illustrated notes

Levels and vault maps discovered:
D:1:      minmay_arrival_pointy, layout_rooms
D:2:      layout_basic, uniq_sigmund
D:3:      layout_rooms, gammafunk_temple_overflow_wave,
          chequers_ecumenical_altar_twisty
D:4:      layout_basic, overflow_temple_1_default, first_ration, fountainhead,
          minmay_hollow_rounded_squares, uniq_eustachio

Skill      XL: |  1  2  3  4  5 |
---------------+----------------+-----
Transmutations | 1 |  1.9
Dodging        | 2 |  2.4
Maces & Flails | 1 2 |  2.2
Spellcasting   | 3 |  3.0
Fighting       | |  0.6
Short Blades   | |  0.1
Throwing       | |  0.4
Armour         | |  0.1
Stealth        | |  2.8
Air Magic      | |  0.3
Poison Magic   | |  3.9

Action                   |  1- 3 |  4- 6 || total
-------------------------+-------+-------++-------
Melee: Mace              |    49 |    50 ||    99
       Short sword       |     4 |       ||     4
Throw: Stone             |    18 |     3 ||    21
       Javelin           |       |     4 ||     4
 Cast: Sting             |    23 |    19 ||    42
       Poisonous Vapours |     1 |    12 ||    13
Invok: Stomp             |       |     2 ||     2
       Renounce Religion |       |     1 ||     1
  Use: Scroll            |       |     4 ||     4
  Eat: Chunk             |     2 |     4 ||     6
Armor: Robe              |     7 |    18 ||    25
       Leather armour    |       |     7 ||     7
Dodge: Dodged            |    50 |    51 ||   101
